 Dungeon Crawl Stone Soup version 0.30-a0-1160-g6e42c06551 (webtiles) character file.

Game seed: 13021802636525287280

21 NinjaNoafa the Conjurer (level 2, -1/20 HPs)
             Began as a Draconian Conjurer on Apr 26, 2023.
             Slain by a goblin
             ... wielding a +0 club
              (4 damage)
             ... on level 2 of the Dungeon.
             The game lasted 00:01:17 (872 turns).

NinjaNoafa the Conjurer (Draconian Conjurer)         Turns: 872, Time: 00:01:18

Health: -1/20      AC:  4    Str:  9    XL:     2   Next: 62%
Magic:  5/5        EV: 12    Int: 18    God:
Gold:   19         SH:  0    Dex:  9    Spells: 3/6 levels left

rFire   . . .        e - +1 dagger (drain)
rCold   . . .        (no shield)
rNeg    . . .        (body armour unavailable)
rPois   .            (helmet restricted)
rElec   .            (no cloak)
rCorr   .            (no gloves)
SInv    .            (no boots)
Will    .....        (no amulet)
Stlth   ++           (no ring)
HPRegen 0.23/turn    (no ring)
MPRegen 0.09/turn

%: no passive effects
@: no status effects
A: AC +4, unfitting armour, cold-blooded
a: no special abilities


You were on level 2 of the Dungeon.
You visited 1 branch of the dungeon, and saw 2 of its levels.

You collected 19 gold pieces.

Inventory:

Hand Weapons
 e - a +1 dagger of draining (weapon)
Missiles
 f - 6 poisoned darts
Scrolls
 b - 2 scrolls of noise {unknown}
 c - a scroll of fog {unknown}
 d - a scroll of identify {unknown}
Potions
 a - a potion of magic


   Skills:
 - Level 1.7 Dodging
 - Level 1.7 Stealth
 + Level 2.6 Spellcasting
 + Level 4.4 Conjurations


You had 3 spell levels left.
You knew the following spells:

 Your Spells              Type           Power      Damage    Failure   Level
a - Magic Dart            Conj           72%        1d6       2%          1
b - Searing Ray           Conj           36%        2d5       4%          2

Your spell library contained the following spells:

 Spells                   Type           Power      Damage    Failure   Level
 Dazzling Flash           Conj/Hex       20%        N/A       21%         3
 Fulminant Prism          Conj/Hex       5%         3d7       56%         4
 Iskenderun's Mystic Bla  Conj/Tloc      10%        2d4       56%         4


Dungeon Overview and Level Annotations

Branches:
Dungeon (2/15)

Altars:

Annotations:
D:2 Sigmund


Innate Abilities, Weirdness & Mutations

Your plain brown scales are hard. (AC +4)
You cannot fit into any form of body armour.
You are cold-blooded and may be slowed by cold attacks.


Message History

A rat is nearby!
A dart slug comes into view.
The rat misses you.
You hit the rat.
You kill the rat!
The dart slug is engulfed in blazing flames.
The dart slug dies!
Really walk into a travel-excluded area? [Y]es or [N]o only, please.
Really walk into a travel-excluded area?
(D) Dungeon
Where to? (? - help)
Okay, then.
You see here a +0 dagger.
Key pressed, stopping explore.
You see here a +0 dagger.
Partly explored, can't reach some items and places.
(D) Dungeon
Where to? (? - help)
There is a stone staircase leading down here.
You climb downwards.
Sigmund shouts!
There is a stone staircase leading up here.
There are monsters nearby!
Sigmund points at you and mumbles some strange words.
You are confused.
The goblin shouts!
The goblin closely misses you.
In your confused state, you trip and fall back down the stairs.
Sigmund zaps a wand.
The bolt of dispelling energy hits you!
Your magical effects are unravelling.
* * * LOW HITPOINT WARNING * * *
Unknown command.
Unknown command.
Unknown command.
You feel less confused. Sigmund hits you with a +0 scythe!
* * * LOW HITPOINT WARNING * * *
The goblin hits you with a +0 club.
You die...

#..#########.#.
......g@.......
#.#.####@..#...
...# .....
....... .......
##..... .....


You could see Sigmund and a goblin.

Vanquished Creatures
  A dart slug (D:1)
  2 endoplasms (D:1)
  2 giant cockroaches (D:1)
  4 goblins (D:1)
  2 ball pythons (D:1)
  2 bats (D:1)
  A frilled lizard (D:1)
  4 rats (D:1)
18 creatures vanquished.

Vanquished Creatures (others)
  A dart slug (D:1)
  A ball python (D:1)
2 creatures vanquished.

Grand Total: 20 creatures vanquished

Notes
Turn   | Place    | Note
-------+----------+-------------------------------------------
     0 | D:1      | NinjaNoafa the Draconian Conjurer began the quest for the
                  | Orb.
     0 | D:1      | Reached XP level 1. HP: 14/14 MP: 3/3
   228 | D:1      | Reached XP level 2. HP: 20/20 MP: 0/5
   231 | D:1      | Learned a level 2 spell: Searing Ray
   869 | D:2      | Noticed Sigmund
   872 | D:2      | Slain by a goblin

Illustrated notes

Levels and vault maps discovered:
D:1:      dpeg_arrival_connections, layout_basic, serial_rivers,
          chequers_serial_rivers_small_a, chequers_serial_rivers_micro_b,
          chequers_serial_rivers_small_3, chequers_serial_rivers_room_b,
          lemuel_flame_loot_1
D:2:      layout_basic, uniq_robin, uniq_sigmund

Action                     || total
---------------------------++-------
  Melee: Dagger            ||    28
         Tailslap          ||     5
         Punch             ||     1
   Cast: Magic Dart        ||    11
         Searing Ray       ||     3
 Armour: Skin              ||     9
  Dodge: Dodged            ||    24

Table legend: (Time is in decaauts)
 A = Elapsed time spent in this place.
 B = Non-inter-level travel time spent in this place.
 C = Inter-level travel time spent in this place.
 D = Time resting spent in this place.
 E = Time spent auto-exploring this place.
 F = Levels seen in this place.
 G = Mean time per level.
                   A        B        C        D        E       F      G
               +--------+--------+--------+--------+--------+-----+--------+
         Total |    876 |    851 |     25 |      0 |    688 |   2 |  438.0 |
       Dungeon |    876 |    851 |     25 |      0 |    688 |   2 |  438.0 |
               +--------+--------+--------+--------+--------+-----+--------+

Top non-repeatable levels by time:
     D:1: 873 daAuts
     D:2: 2 daAuts
